 Dungeon Crawl Stone Soup version 0.30-b1-2-g02819fbbbe (webtiles) character file.

Game seed: 800036891755544833

18 Alarkh the Sneak (level 2, -1/24 HPs)
             Began as a Demonspawn Delver on May 22, 2023.
             Slain by a black bear (2 damage)
             ... on level 5 of the Dungeon.
             The game lasted 00:01:05 (150 turns).

Alarkh the Sneak (Demonspawn Delver)                 Turns: 150, Time: 00:01:05

Health: -1/24      AC:  3    Str: 12    XL:     2   Next: 51%
Magic:  2/2        EV: 11    Int: 11    God:
Gold:   23         SH:  0    Dex: 14    Spells: 1/1 levels left

rFire   . .          .
                       - Unarmed
rCold   . . .        (no shield)
rNeg    . . .        a - +0 leather armour
rPois   .            (no helmet)
rElec   .            (no cloak)
rCorr   .            (no gloves)
SInv    .            (no boots)
Will    .....        (no amulet)
Stlth   ++           (no ring)
HPRegen 0.24/turn    (no ring)
MPRegen 0.08/turn

%: no passive effects
@: no status effects
A: claws 1
a: no special abilities


You were on level 5 of the Dungeon.
You visited 1 branch of the dungeon, and saw 1 of its levels.

You collected 23 gold pieces.

Inventory:

Armour
 a - a +0 leather armour (worn)
Wands
 c - a wand of roots (4)
Scrolls
 b - a scroll of fog
 d - a scroll of fear


   Skills:
 - Level 3.0 Fighting
 - Level 1.7 Dodging
 - Level 4.5 Stealth
 + Level 2.9 Unarmed Combat


You had one spell level left.
You didn't know any spells.
Your spell library was empty.

Dungeon Overview and Level Annotations

Branches:
Dungeon (5/15)             Temple (0/1) D:5

Altars:


Innate Abilities, Weirdness & Mutations

You have sharp fingernails.


Message History

You feel sick.
You are no longer poisoned.
A black bear comes into view.
The black bear growls angrily.
Aiming: Fastroot
Press: ? - help, Shift-Dir - straight line, f - black bear
Aim: a black bear The roots erupt in riotous growth!
Roots grab the black bear.
The grasping roots constrict the black bear.
The black bear escapes!
Aiming: Dig
Press: ? - help, Shift-Dir - straight line, p - black bear A rock wall.
The rock shatters into small pieces.
The now-empty wand crumbles to dust.
The black bear barely misses you. x2; The black bear closely misses you.
The black bear attacks as you move away!
The black bear misses you. The black bear claws you. x2
You open the door. The black bear barely misses you.
The black bear claws you. x2
There is an open door here.
The black bear attacks as you move away!
The black bear closely misses you. The black bear claws you. x2
* * * LOW HITPOINT WARNING * * *
Aiming: Fastroot
Press: ? - help, Shift-Dir - straight line, f - black bear
Aim: a black bear (lightly wounded)
The roots erupt in riotous growth!
Roots grab the black bear.
The grasping roots constrict the black bear.
You hear an angry hiss.
The black bear bites you!
* * * LOW HITPOINT WARNING * * *
The black bear claws you but does no damage.
The black bear barely misses you.
You scratch the black bear.
The black bear is moderately wounded.
The grasping roots constrict the black bear.
The roots release their grip on the black bear.
The black bear completely misses you. The black bear claws you.
You die...

*,,,,*,**,#.#*###########.# *,
*,,,,*,**,#.#,............# *,
*,,,,*,**,#.#,*######.#####**,
*,,,,*,**,#J#,*#####.###,,,,,,
*,,,,+,**,#.#,*#.......#,***,,
*,,,,***#,#.#,*#>(.....#,* **,
*,,,,,,,#.#.#<*#.....(.#,* **
***+*,*,#.#.####.......#,* **
*,*,*,#....@h'.......+,*
,*****,*.#.###.####.......#****
,,,,,,,...........'.......+,,>*
******,#.#.....#.##†......#**,*
*,*,#######J##.......# *,*
*,,,,,,,,,#.##.......# *,*
***,*****,#J##.......#**,***
*,,,,,,,#............,,,,,
###########.###########*,***


You could see a black bear.

Vanquished Creatures
  2 adders (D:5)
2 creatures vanquished.

Notes
Turn   | Place    | Note
-------+----------+-------------------------------------------
     0 | D:5      | Alarkh the Demonspawn Delver began the quest for the Orb.
     0 | D:5      | Reached XP level 1. HP: 18/18 MP: 1/1
    39 | D:5      | Noticed a jelly
    93 | D:5      | Gained mutation: You have sharp fingernails. [demonic
                  | ancestry]
    93 | D:5      | Reached XP level 2. HP: 20/24 MP: 2/2
   134 | D:5      | Noticed a black bear
   149 | D:5      | HP: 1/24 [black bear (7)]
   150 | D:5      | Slain by a black bear

Illustrated notes

Levels and vault maps discovered:
D:5:      layout_basic, mainiacjoe_overflow_tiny_flanked, temple_green,
          uniq_grinder

Skill      XL: |  1 |
---------------+----+-----
Unarmed Combat | 2 |  2.9
Fighting       | |  3.0
Dodging        | |  1.7
Stealth        | |  4.5

Action                     || total
---------------------------++-------
  Melee: Unarmed           ||     4
  Evoke: Wand              ||     7
    Use: Scroll            ||     1
         Potion            ||     1
   Stab: Distracted        ||     1
 Armour: Leather armour    ||     1
  Dodge: Dodged            ||    12
